 Dungeon Crawl Stone Soup version 0.20-a0-1116-gaa52201 (webtiles) character file.

533 TheGoonsmith the Conjurer (level 7, -3/38 HPs)
             Began as a Deep Elf Wizard on May 8, 2017.
             Shot with an arrow by a centaur (12 damage)
             ... on level 5 of the Dungeon.
             The game lasted 00:09:08 (3919 turns).

TheGoonsmith the Conjurer (Deep Elf Wizard)         Turns: 3919, Time: 00:09:08

Health: -3/38      AC:  5    Str:  4    XL:     7   Next: 4%
Magic:  3/18       EV: 13    Int: 23    God:
Gold:   307        SH:  0    Dex: 15    Spells: 7/18 levels left

rFire    . . .     SeeInvis .   g - +2 dagger (freeze)
rCold    . . .     Gourm    .   (no shield)
rNeg     . . .     Faith    .   a - +0 robe
rPois    .         Spirit   .   b - +0 hat
rElec    .         Reflect  .   B - +2 cloak
rCorr    .         Harm     .   (no gloves)
MR       .....                  (no boots)
Stlth    ++........             s - amulet of rage
Regen    0.2/turn               (no ring)
MPRegen  0.2/turn               (no ring)

@: very slightly contaminated
A: no striking features
a: Evoke Berserk Rage


You were on level 5 of the Dungeon.
You were not hungry.

You visited 1 branch of the dungeon, and saw 5 of its levels.

You collected 307 gold pieces.

Inventory:

Hand Weapons
 g - a +2 dagger of freezing (weapon)
Armour
 a - a +0 robe (worn)
 b - a +0 hat (worn)
 B - a +2 cloak (worn)
Jewellery
 s - an amulet of rage (around neck)
Wands
 w - a wand of confusion (38/48)
Scrolls
 e - 3 scrolls of remove curse
 f - a scroll of fog
 j - 2 scrolls of teleportation
 r - 8 scrolls of identify
 t - a scroll of immolation
Potions
 h - a potion of curing
 o - a potion of lignification {unknown}
 p - a potion of invisibility {unknown}
 q - 2 potions of brilliance
 x - 3 potions of flight {unknown}
 A - 2 potions of might {unknown}
Books
 c - a book of Minor Magic

   Spells                             Type                      Level
   a - Magic Dart                     Conjuration                  1
   b - Blink                          Translocation                2
   c - Call Imp                       Summoning                    2
   d - Slow                           Hexes                        2
   e - Conjure Flame                  Conjuration/Fire             3
   f - Mephitic Cloud                 Conjuration/Poison/Air       3
Comestibles
 d - 4 bread rations
 n - 3 royal jellies
 v - a meat ration


   Skills:
 + Level 1.2 Fighting
 - Level 2.4 Dodging
 - Level 2.4 Stealth
 - Level 6.0 Spellcasting
 - Level 6.2 Conjurations
 - Level 1.1 Summonings
 - Level 1.1 Translocations
 - Level 2.0 Air Magic
 - Level 2.0 Poison Magic


You had 7 spell levels left.
You knew the following spells:

 Your Spells              Type           Power        Failure   Level  Hunger
a - Magic Dart            Conj           ####         1%          1    None
b - Call Imp              Summ           ##......     9%          2    None
c - Conjure Flame         Conj/Fire      ###.....     7%          3    #......
e - Blink                 Tloc           N/A          9%          2    None
x - Mephitic Cloud        Conj/Pois/Air  ###.....     6%          3    #......


Dungeon Overview and Level Annotations

Branches:
Dungeon (5/15)
 Temple: D:4-7

Altars:
Okawaru


Message History

Confirm with . or Enter, or press ? or * to list all spells.
Aiming: Magic Dart
Press: ? - help, Shift-Dir - straight line, f/p - hound
Aim: a hound (severely wounded)
The magic dart hits the hound.
You kill the hound!
You have reached level 7!
The centaur shoots an arrow.
The arrow hits you.
The centaur shoots an arrow.
The arrow hits your crimson imp!
Your crimson imp dies!
Casting: Magic Dart
Confirm with . or Enter, or press ? or * to list all spells.
A shadowy apparition takes form in the air.
Your shadow imp hits the centaur.
The centaur shoots an arrow.
The arrow hits you!
* * * LOW HITPOINT WARNING * * *
Your shadow imp disappears in a puff of smoke!
Found a stone staircase leading up.
You feel better.
The centaur shoots an arrow.
The arrow hits you!
You die...

****** #..<.* #....*
###### #....* #...[####
#....#* #.......###
#.....## #....##...#
#......### #....#.....
#......5.####....#.....
*****#.@#..(.(......._..
*,,,,##.(((.c#..........
*,,,,*###..ยง.#..........
*,,,,* #....#........).
*,,,,* #...(#c#####..##
*,,,,***#...............
*,,,,.............##....
***,*####....#.##c######
*,* #.)....##.#####


You could see a centaur and a friendly shadow imp.

Vanquished Creatures
  2 ogres (D:4)
  A scorpion (D:4)
  A howler monkey (D:5)
  A hound (D:5)
  A bullfrog skeleton (D:4)
  An orc wizard (D:3)
  An iguana (D:4)
  A worker ant (D:2)
  2 gnolls (D:3)
  5 adders
  5 worms
  A dart slug (D:1)
  A leopard gecko (D:1)
  12 orcs
  3 bats
  5 giant cockroaches
  6 hobgoblins
  2 quokkas
  4 ball pythons
  3 frilled lizards
  4 goblins
  5 kobolds
  A quokka skeleton (D:4)
  7 rats
75 creatures vanquished.

Notes
Turn   | Place    | Note
-------+----------+-------------------------------------------
     0 | D:1      | TheGoonsmith the Deep Elf Wizard began the quest for the Orb.
     0 | D:1      | Reached XP level 1. HP: 10/10 MP: 7/7
    77 | D:1      | Found an iron altar of Okawaru.
   326 | D:1      | Reached XP level 2. HP: 10/15 MP: 1/9
   900 | D:2      | Reached XP level 3. HP: 19/19 MP: 8/10
  1290 | D:3      | Learned a level 2 spell: Blink
  1293 | D:3      | Learned a level 2 spell: Call Imp
  1297 | D:3      | Learned a level 3 spell: Mephitic Cloud
  1445 | D:3      | Reached XP level 4. HP: 24/24 MP: 2/12
  2032 | D:3      | Reached skill level 5 in Conjurations
  2281 | D:4      | Noticed an ogre
  2299 | D:4      | Killed an ogre
  2299 | D:4      | Reached XP level 5. HP: 28/28 MP: 0/13
  2309 | D:3      | Learned a level 3 spell: Conjure Flame
  2421 | D:4      | Reached skill level 5 in Spellcasting
  2561 | D:4      | Reached XP level 6. HP: 30/32 MP: 8/15
  3105 | D:4      | Reached skill level 1 in Air Magic
  3105 | D:4      | Reached skill level 1 in Poison Magic
  3694 | D:5      | Entered Level 5 of the Dungeon
  3772 | D:5      | Found an iron altar of Okawaru.
  3899 | D:5      | Reached skill level 1 in Fighting
  3916 | D:5      | Reached XP level 7. HP: 19/38 MP: 4/18
  3917 | D:5      | HP: 1/38 [centaur/arrow (12)]
  3919 | D:5      | Shot with an arrow by a centaur

Vault maps used:
D:1:      dpeg_arrival_arbitrary_b, okawaru_ov_weapons_minmay
D:4:      wad_pebble_path
D:5:      basic_altar, first_bread

Skill      XL: |  1  2  3  4  5  6 |
---------------+-------------------+-----
Conjurations   | 2 3 4 6 |  6.2
Spellcasting   | 5 6 |  6.0
Air Magic      | 2 |  2.0
Poison Magic   | 2 |  2.0
Fighting       | 1 |  1.2
Dodging        | |  2.4
Stealth        | |  2.4
Summonings     | |  1.1
Translocations | |  1.1

Action                   |  1- 3 |  4- 6 |  7- 9 || total
-------------------------+-------+-------+-------++-------
Melee: Dagger            |     2 |     2 |       ||     4
 Cast: Magic Dart        |    95 |   136 |     1 ||   232
       Mephitic Cloud    |       |     4 |       ||     4
       Conjure Flame     |       |     4 |       ||     4
       Call Imp          |       |     3 |     1 ||     4
       Blink             |       |     3 |       ||     3
  Use: Potion            |       |     3 |     1 ||     4
       Scroll            |       |    11 |       ||    11
  Eat: Chunk             |     1 |     8 |       ||     9
Armor: Robe              |     2 |     7 |       ||     9
Dodge: Dodged            |     7 |    32 |       ||    39
